 Dungeon Crawl Stone Soup version 0.28.0-47-ge53b351184 (webtiles) character file.

Game seed: 4904680879535635326

239 Acheron the Ducker (level 5, -3/51 (57) HPs)
             Began as a Demonspawn Wanderer on May 4, 2022.
             Slain by a wight
             ... wielding a +0 spear
              (8 damage)
             ... on level 6 of the Dungeon.
             The game lasted 00:13:45 (2495 turns).

Acheron the Ducker (Demonspawn Wanderer)            Turns: 2495, Time: 00:13:46

HP:   -3/51 (57)    AC: 22    Str: 14    XL:     5   Next: 79%
MP:   8/8           EV:  2    Int: 13    God:
Gold: 150           SH:  0    Dex: 15    Spells: 7/8 levels left

rFire   . . .      SeeInvis .   d - +1 short sword
rCold   . . .      Faith    .   (no shield)
rNeg    . . .      Spirit   .   (armour currently unavailable)
rPois   +          Reflect  .   (helmet currently unavailable)
rElec   .          Harm     .   (cloak currently unavailable)
rCorr   .          Rampage  .   (gloves currently unavailable)
Will    .....      NoTele   +   (boots currently unavailable)
Stlth   +++.......              a - amulet of magic regeneration
HPRegen 0.17/turn               (no ring)
MPRegen 0.51/turn               (no ring)

@: tree-form, heavily drained
A: stationary, stasis, torment immunity, boosted hp, (antennae 1), thin skeletal
structure 1, (spiny 1), demonic magic 1
a: no special abilities


You were on level 6 of the Dungeon.
You were a tree.
You visited 1 branch of the dungeon, and saw 6 of its levels.

You collected 150 gold pieces.

Inventory:

Hand Weapons
 d - a +1 short sword (weapon)
 e - a +1 dagger
Missiles
 g - 11 stones
Armour
 c - a +3 leather armour (melded)
 h - a +0 scale mail
Jewellery
 a - an amulet of magic regeneration (around neck)
Scrolls
 f - 2 scrolls of amnesia
Miscellaneous
 b - a piece from Xom's chessboard (15/15)


   Skills:
 * Level 2.0 Fighting
 + Level 1.2 Short Blades
 * Level 2.3 Armour
 * Level 4.3 Dodging
 * Level 1.3 Stealth
 + Level 2.3 Spellcasting
 * Level 1.8 Transmutations
 * Level 2.7 Evocations


You had 7 spell levels left.
You knew the following spells:

 Your Spells              Type           Power      Damage    Failure   Level
a - Beastly Appendage     Tmut           12%        N/A       12%         1

Your spell library contained the following spells:

 Spells                   Type           Power      Damage    Failure   Level
 Scorch                   Fire           2%         2d5       36%         2
 Ignite Poison            Fire/Tmut/Pois 3%         N/A       50%         3
 Frozen Ramparts          Ice            2%         1d2       58%         3
 Ice Form                 Ice/Tmut       3%         N/A       86%         4
 Flame Wave               Conj/Fire      1%         2d4       94%         4
 Summon Ice Beast         Ice/Summ       1%         N/A       94%         4
 Summon Cactus Giant      Summ           0%         N/A       100%        6


Dungeon Overview and Level Annotations

Branches:
Dungeon (6/15)
 Temple: D:4-7

Altars:
Gozag

Annotations:
D:1 exclusion: downstairs
D:5 exclusion: downstairs
D:6 exclusion: upstairs


Innate Abilities, Weirdness & Mutations

You are a tree.
Your roots penetrate the ground, keeping you stationary.
You cannot be teleported.
You are immune to unholy pain and torment.
Your maximum health is greatly increased.
Your equipment is partially melded.
((You have a pair of small antennae on your head.))
You have a somewhat thin skeletal structure. (Dex +2, Stealth+)
((You are partially covered in sharp spines.))
Spells you cast may paralyse adjacent enemies.


Message History

You destroy the wight!
The wight hits you from afar with a +0 spear.
Your Fighting skill increases to level 2! 3 wights come into view.
The wight is struck by your spines. The wight hits you with a +0 spear.
You feel drained.
Things that are here:
a +0 flail; a +0 robe You barely miss the wight.
You claw the wight, but do no damage.
The wight is lightly damaged.
The wight is struck by your spines. The wight hits you with a +0 spear.
You feel drained.
You hit the wight but do no damage. You claw the wight, but do no damage.
The wight is moderately damaged.
The wight hits you with a +0 spear. The wight hits you with a +0 mace!
* * * LOW HITPOINT WARNING * * *
You feel drained.
* * * LOW HITPOINT WARNING * * *
Your talons disappear.
The wight hits you from afar with a +0 spear.
* * * LOW HITPOINT WARNING * * *
You feel drained.
You see here a +0 leather armour.
It was a potion of lignification.
You turn into a tree.
Your +3 leather armour melds into your body.
Your roots penetrate the ground.
The wight hits you but does no damage.
You hit the wight but do no damage.
The wight hits you but does no damage. x2
You hit the wight but do no damage. The wight barely misses you.
The wight hits you but does no damage.
You closely miss the wight.
The wight hits you from afar with a +0 spear.
* * * LOW HITPOINT WARNING * * *
The wight hits you with a +0 mace!
* * * LOW HITPOINT WARNING * * *
You barely miss the wight.
The wight hits you but does no damage. x2
Unknown command.
Okay, then.
You hit the wight but do no damage.
The wight hits you from afar with a +0 spear!
You die...

#.z.#
#z#<#.####
#####
#.###....#
#.######.#
#.z...##.#
#####.##.#
#.##.#
#z##.#
#z##.#
#♣##.#
#.##.#
#....#
######


You could see 2 wights.

Vanquished Creatures
  A water moccasin zombie (D:5)
  A wight (D:6)
  A jelly (D:5)
  A scorpion zombie (D:5)
  Natasha (D:4)
  2 adders
  A howler monkey skeleton (D:4)
  An ufetubus (D:5)
  A worm (D:2)
  A dart slug (D:3)
  2 orcs (D:3)
  A bat (D:3)
  2 endoplasms (D:2)
  A giant cockroach (D:2)
  3 goblins
  2 hobgoblins
  A ball python (D:4)
  2 frilled lizards
  5 kobolds
  4 rats
34 creatures vanquished.

Vanquished Creatures (others)
  5 toadstools (D:1)
5 creatures vanquished.

Grand Total: 39 creatures vanquished

Notes
Turn   | Place    | Note
-------+----------+-------------------------------------------
     0 | D:1      | Acheron the Demonspawn Wanderer began the quest for the
                  | Orb.
     0 | D:1      | Acheron set off with the following items: a +0 club, a
                  | piece from Xom's chessboard (15/15), a +2 leather armour;
                  | and the following spell memorised: Beastly Appendage; and
                  | the following spells available to memorise: Ignite Poison
     0 | D:1      | Reached XP level 1. HP: 15/15 MP: 3/3
   516 | D:2      | Gained mutation: You are partially covered in sharp spines.
                  | [demonic ancestry]
   516 | D:2      | Reached XP level 2. HP: 11/21 MP: 5/5
   810 | D:2      | Reached skill level 4 in Dodging
  1009 | D:4      | Noticed Natasha
  1044 | D:3      | Gained mutation: You have a somewhat thin skeletal
                  | structure. (Dex +2, Stealth+) [demonic ancestry]
  1044 | D:3      | Reached XP level 3. HP: 16/26 MP: 6/6
  1207 | D:4      | Reached skill level 1 in Armour
  1214 | D:4      | Killed Natasha
  1386 | D:4      | Lost mutation: You have a pair of horns on your head.
                  | [demonic ancestry]
  1386 | D:4      | Lost mutation: You have a pair of small horns on your head.
                  | [demonic ancestry]
  1386 | D:4      | Gained mutation: You have a pair of small antennae on your
                  | head. [demonic ancestry]
  1386 | D:4      | Reached XP level 4. HP: 30/32 MP: 7/7
  1391 | D:5      | Entered Level 5 of the Dungeon
  1446 | D:5      | Noticed a sky beast
  1907 | D:4      | Found an opulent altar of Gozag.
  2085 | D:5      | Reached skill level 1 in Stealth
  2085 | D:5      | Gained mutation: Spells you cast may paralyse adjacent
                  | enemies. [demonic ancestry]
  2085 | D:5      | Reached XP level 5. HP: 32/38 MP: 8/8
  2166 | D:5      | Reached skill level 1 in Short Blades
  2277 | D:5      | Noticed a black bear
  2315 | D:5      | Noticed a black bear
  2495 | D:6      | Slain by a wight

Illustrated notes

Levels and vault maps discovered:
D:1:      ldierk_walled_garden, layout_rooms, basic_ecumenical_altar,
          minmay_misc_feat_enclosed
D:2:      layout_basic
D:3:      layout_basic
D:4:      layout_layer_cave, mainiacjoe_overflow_concentric_impassable,
          uniq_natasha
D:5:      layout_basic, tgw_sif
D:6:      layout_basic, gammafunk_ghost_split

Skill      XL: |  1  2  3  4  5 |
---------------+----------------+-----
Dodging        | 4 |  4.3
Armour         | 1 2 |  2.3
Stealth        | 1 |  1.3
Short Blades   | 1 |  1.2
Fighting       | 2 |  2.0
Spellcasting   | |  2.3
Transmutations | |  1.8
Evocations     | |  2.7

Action                   |  1- 3 |  4- 6 || total
-------------------------+-------+-------++-------
Melee: Dagger            |    73 |    29 ||   102
       Club              |    12 |       ||    12
       Kick              |     9 |     6 ||    15
       Headbutt          |    11 |       ||    11
       Short sword       |       |    14 ||    14
 Cast: Beastly Appendage |     8 |     2 ||    10
Evoke: Piece from Xom's  |     1 |       ||     1
  Use: Scroll            |       |     5 ||     5
       Potion            |       |     2 ||     2
 Stab: Sleeping          |     1 |       ||     1
Armor: Leather armour    |    21 |    10 ||    31
       Skin              |       |     6 ||     6
Dodge: Dodged            |    57 |    27 ||    84
